 Dungeon Crawl Stone Soup version 0.31-a0-232-gb1c03b2570 (webtiles) character file.

Game seed: 3466380494307053921

1476 qw the Skirmisher (level 8, -3/68 HPs)
             Began as a Minotaur Hexslinger on July 7, 2023.
             Was a Believer of Okawaru.
             Slain by a yak (6 damage)
             ... on level 6 of the Dungeon.
             The game lasted 00:01:27 (4120 turns).

qw the Skirmisher (Minotaur Hexslinger)             Turns: 4120, Time: 00:01:28

Health: -3/68      AC: 13    Str: 12    XL:     8   Next: 49%
Magic:  8/10       EV: 14    Int: 10    God:    Okawaru [**....]
Gold:   73         SH:  0    Dex: 16    Spells: 8/9 levels left

rFire   + . .        Y - +6 longbow (flame)
rCold   + + .        (shield currently unavailable)
rNeg    . . .        g - +0 ring mail {rC+}
rPois   .            j - +2 hat
rElec   .            b - scarf {rC+ rF+}
rCorr   .            h - +2 pair of gloves
SInv    .            m - +0 pair of boots
Will    .....        l - amulet of regeneration
Stlth   ++           (no ring)
HPRegen 1.11/turn    (no ring)
MPRegen 0.12/turn

%: no passive effects
@: about to teleport, heroic
A: horns 2, retaliatory headbutt
a: Renounce Religion, Heroism


You were on level 6 of the Dungeon.
You worshipped Okawaru.
Okawaru was pleased with you.
You visited 2 branches of the dungeon, and saw 7 of its levels.

You collected 293 gold pieces.
You spent 220 gold pieces at shops.


Innate Abilities, Weirdness & Mutations

You have a pair of horns on your head.
You reflexively headbutt those who attack you in melee.


   Skills:
 + Level 5.1(10.1) Fighting
 - Level 9.0(14.0) Ranged Weapons
 - Level 2.0(7.0) Armour
 - Level 3.8(8.8) Dodging
 - Level 1.0 Spellcasting
 - Level 2.0 Hexes
 - Level 4.0 Invocations


You had 8 spell levels left.
You knew the following spells:

 Your Spells              Type           Power      Damage    Failure   Level
a - Slow                  Hex            16%        N/A       30%         1

Your spell library contained the following spells:

 Spells                   Type           Power      Damage    Failure   Level
 Inner Flame              Hex/Fire       2%         N/A       80%         3
 Portal Projectile        Hex/Tloc       4%         N/A       80%         3
 Cause Fear               Hex            2%         N/A       96%         4

Inventory:

Hand Weapons
 Y - a +6 longbow of flaming (weapon)
Armour
 b - a scarf of resistance (worn)
 g - a +0 ring mail of cold resistance (worn)
 h - a +2 pair of gloves (worn)
 j - a +2 hat (worn)
 m - a +0 pair of boots (worn)
 o - a +2 pair of boots
Jewellery
 l - an amulet of regeneration (around neck)
Scrolls
 a - 3 scrolls of teleportation
 d - a scroll of identify
 k - a scroll of silence {unknown}
Potions
 c - 2 potions of heal wounds
 e - 2 potions of curing
 f - a potion of might
 i - a potion of mutation {unknown}
 n - a potion of haste
 p - a potion of cancellation {unknown}
 q - a potion of ambrosia {unknown}

Dungeon Overview and Level Annotations

Branches:
Dungeon (6/15)             Temple (1/1) D:4

Altars:
Ashenzari
Dithmenos
Elyvilon
Gozag
Hepliaklqana
Kikubaaqudgha
Makhleb
Nemelex Xobeh
Okawaru
Qazlal
Sif Muna
Trog
Vehumet
Wu Jian
Xom
Yredelemnul

Shops:
D:3 *   D:5 [!!


Message History

You shoot an arrow. The arrow barely misses the yak.
The arrow hits the yak.
The arrow burns the yak.
The yak is lightly wounded.
You shoot an arrow. The arrow hits the yak.
The arrow burns the yak.
The yak is heavily wounded.
The yak barely misses you.
You shoot an arrow. The arrow hits the yak.
The arrow burns the yak.
The yak is severely wounded.
The yak gores you but does no damage.
You shoot an arrow. The arrow barely misses the yak.
The yak gores you but does no damage. x2; The yak barely misses you.
You furiously retaliate!
You headbutt the yak. You shoot an arrow. The arrow barely misses the yak.
You shoot an arrow. The arrow hits the yak.
The arrow burns the yak.
The yak is almost dead.
The yak gores you. x2; The yak gores you but does no damage.
You shoot an arrow. The arrow closely misses the yak.
The yak gores you! The yak gores you but does no damage.
You shoot an arrow. The arrow hits the yak!!
The arrow burns the yak.
You kill the yak!
Okawaru accepts your kill.
Your Dodging skill increases to level 3!
You shoot an arrow. The arrow hits the yak.
The arrow burns the yak.
The yak is moderately wounded.
The yak barely misses you. You furiously retaliate!
You headbutt the yak! The yak gores you.
You shoot an arrow. The arrow hits the yak!
The arrow burns the yak.
The yak is heavily wounded.
The yak gores you! x2; The yak gores you.
The yak gores you but does no damage.
4118 ||| INVOKING Heroism.
You gain the combat prowess of a mighty hero.
The yak gores you! The yak completely misses you. You furiously retaliate!
You headbutt the yak! You shoot an arrow. The arrow completely misses the yak.
The yak gores you! The yak gores you.
4120 ||| READING 4 scrolls of teleportation.
As you read the scroll of teleportation, it crumbles to dust.
You feel strangely unstable. The yak gores you. x2
You die...

### ## #.. .% ##.##.#
#.YY..# #.@# #..#####.#
#(.......# #.########
#.###.########
#............##########
######.#####.##.##.....
#####.
#.##..[...#.#.#...
......
#.##.##..###..#...


You could see 2 yaks.

Vanquished Creatures
  A yak (D:6)
  A vampire mosquito (D:6)
  2 ice beasts
  A sky beast (D:6)
  An ogre (D:6)
  2 centaurs (D:6)
  A bullfrog (D:6)
  4 scorpions
  2 hounds
  An orc priest (D:4)
  A sleepcap (D:6)
  3 iguanas
  An orc wizard (D:5)
  7 adders
  2 white imps (D:6)
  An ufetubus (D:6)
  4 worms
  2 dart slugs
  11 orcs
  8 ball pythons
  4 bats
  4 endoplasms
  4 giant cockroaches
  2 goblins (D:4)
  6 hobgoblins
  4 quokkas
  3 frilled lizards
  4 kobolds
  5 rats
92 creatures vanquished.

Notes
Turn   | Place    | Note
-------+----------+-------------------------------------------
     0 | D:1      | qw the Minotaur Hexslinger began the quest for the Orb.
     0 | D:1      | Reached XP level 1. HP: 16/16 MP: 1/1
     0 | D:1      | 0 ||| qw: Version: 0.3-a-46-gb1f654a
     0 | D:1      | 0 ||| qw: Game counter: 2679
     0 | D:1      | 0 ||| qw: Melee chars always use a shield: true
     0 | D:1      | 0 ||| qw: God list: Okawaru
     0 | D:1      | 0 ||| qw: Allow faded altars: false
     0 | D:1      | 0 ||| qw: Do Orc after clearing Dungeon:15 true
     0 | D:1      | 0 ||| qw: Do second Lair branch before Depths: true
     0 | D:1      | 0 ||| qw: Lair rune preference: random
     0 | D:1      | 0 ||| qw: Goals: Normal
     0 | D:1      | 0 ||| PLANNING D:1-11
   275 | D:1      | 275 ||| FLEEEEING.
   276 | D:1      | 276 ||| FLEEEEING.
   277 | D:1      | 277 ||| FLEEEEING.
   283 | D:1      | Reached skill level 3 in Ranged Weapons
   283 | D:1      | Reached XP level 2. HP: 23/23 MP: 2/2
   297 | D:1      | Found a faded altar of an unknown god.
   753 | D:1      | 753 ||| UPGRADING to +0 ring mail of cold resistance.
   763 | D:1      | 763 ||| DROPPING +0 robe.
   764 | D:1      | 764 ||| UPGRADING to +1 pair of gloves.
   769 | D:1      | 769 ||| READING scroll labelled KESMASS SUTO.
   770 | D:1      | 770 ||| READING scroll labelled QEJAIXE PEXA.
   771 | D:1      | 771 ||| DROPPING scroll of poison.
   938 | D:2      | Reached XP level 3. HP: 29/29 MP: 3/3
  1141 | D:2      | Reached skill level 4 in Ranged Weapons
  1332 | D:2      | Reached skill level 1 in Armour
  1358 | D:2      | 1358 ||| READING scroll labelled ZUSEECLOCU.
  1359 | D:2      | 1359 ||| READING scroll labelled BEN NAUFAPHOCS.
  1359 | D:2      | Identified a scroll of acquirement
  1359 | D:2      | 1359 ||| ACQUIRING +5 longbow of flaming
  1359 | D:2      | Acquired a +5 longbow of flaming
  1361 | D:2      | 1361 ||| SWAPPING to +5 longbow of flaming.
  1362 | D:2      | 1362 ||| DROPPING +1 sling.
  1363 | D:2      | 1363 ||| READING 3 scrolls labelled OSEDEXO AWAM.
  1364 | D:2      | 1364 ||| READING scroll labelled WOTHRA HOOTHRA.
  1418 | D:2      | 1418 ||| DRINKING 3 inky potions.
  1419 | D:2      | 1419 ||| DROPPING 2 scrolls of amnesia.
  1509 | D:3      | Found an ancient bone altar of Kikubaaqudgha.
  1705 | D:3      | Found a hazy altar of Hepliaklqana.
  1795 | D:3      | Found Cehoevaff's Assorted Antiques.
  1803 | D:3      | 1803 ||| SHOPLISTING 3 scrolls of identify (162 gold, have
                  | 149).
  1803 | D:3      | 1803 ||| BUYING fluorescent wand (108 gold).
  1803 | D:3      | Bought a fluorescent wand for 108 gold pieces
  1803 | D:3      | 1803 ||| SHOPLISTING glowing ring mail (189 gold, have 41).
  1803 | D:3      | 1803 ||| BUYING scroll labelled EJIFARIFREFES (27 gold).
  1803 | D:3      | Bought a scroll labelled EJIFARIFREFES for 27 gold pieces
  2089 | D:3      | 2089 ||| READING 3 scrolls labelled EJIFARIFREFES.
  2094 | D:3      | 2094 ||| READING scroll labelled SUGOPA QADIOBB.
  2095 | D:3      | 2095 ||| DRINKING 2 fuming red potions.
  2096 | D:3      | 2096 ||| DROPPING wand of flame (5).
  2241 | D:4      | Reached XP level 4. HP: 36/36 MP: 4/4
  2300 | D:4      | Found a staircase to the Ecumenical Temple.
  2301 | D:4      | 2301 ||| PLANNING TEMPLE
  2301 | D:4      | 2301 ||| UPGRADING to scarf of resistance.
  2309 | D:4      | Reached skill level 5 in Ranged Weapons
  2318 | Temple   | Entered the Ecumenical Temple
  2320 | Temple   | 2320 ||| PLANNING OKAWARU WORSHIP
  2479 | Temple   | Became a worshipper of Warmaster Okawaru
  2480 | Temple   | 2480 ||| PLANNING D:1-11
  2635 | D:4      | Noticed a scorpion
  2643 | D:4      | Killed a scorpion
  2644 | D:4      | Reached XP level 5. HP: 21/46 MP: 5/5
  2651 | D:4      | HP: 11/46 [poisoned by a scorpion]
  3118 | D:4      | Found a burning altar of Makhleb.
  3226 | D:4      | 3226 ||| UPGRADING to +2 hat.
  3231 | D:4      | 3231 ||| UPGRADING to amulet of regeneration.
  3236 | D:4      | 3236 ||| READING scroll labelled AHAIGUCZEH.
  3237 | D:4      | 3237 ||| READING 2 scrolls of identify.
  3237 | D:4      | 3237 ||| IDENTIFYING fuming orange potion
  3258 | D:5      | Entered Level 5 of the Dungeon
  3279 | D:5      | Reached skill level 6 in Ranged Weapons
  3279 | D:5      | Reached XP level 6. HP: 52/52 MP: 6/6
  3304 | D:5      | Found Raghakuh's Armour Shop.
  3312 | D:5      | 3312 ||| BUYING +0 pair of boots (49 gold).
  3312 | D:5      | Bought a +0 pair of boots for 49 gold pieces
  3328 | D:5      | Found Feoheekh's Distillery.
  3341 | D:5      | 3341 ||| SHOPLISTING potion of heal wounds (60 gold, have
                  | 39).
  3341 | D:5      | 3341 ||| SHOPLISTING potion of might (48 gold, have 39).
  3341 | D:5      | 3341 ||| SHOPLISTING potion of mutation (96 gold, have 39).
  3388 | D:5      | Reached * piety under Okawaru
  3412 | D:5      | Reached skill level 1 in Invocations
  3451 | D:5      | Found Pis Qeam's Distillery.
  3456 | D:5      | Noticed an ice beast
  3458 | D:5      | Killed an ice beast
  3461 | D:5      | 3461 ||| BUYING potion of curing (36 gold).
  3461 | D:5      | Bought a potion of curing for 36 gold pieces
  3461 | D:5      | 3461 ||| SHOPLISTING potion of curing (36 gold, have 5).
  3461 | D:5      | 3461 ||| SHOPLISTING potion of mutation (96 gold, have 5).
  3635 | D:5      | Reached XP level 7. HP: 59/59 MP: 7/7
  3670 | D:5      | 3670 ||| UPGRADING to +0 pair of boots.
  3675 | D:5      | 3675 ||| READING 2 scrolls labelled TAIWNUTW RUSK.
  3676 | D:5      | 3676 ||| READING scroll of enchant armour.
  3676 | D:5      | 3676 ||| ENCHANTING +1 pair of gloves.
  3677 | D:5      | 3677 ||| READING scroll labelled PANEAGR XEBANIGOP.
  3678 | D:5      | 3678 ||| DRINKING 2 sedimented emerald potions.
  3714 | D:6      | Reached skill level 7 in Ranged Weapons
  3723 | D:6      | 3723 ||| FLEEEEING.
  3724 | D:6      | 3724 ||| FLEEEEING.
  3725 | D:6      | 3725 ||| FLEEEEING.
  3726 | D:6      | 3726 ||| FLEEEEING.
  3734 | D:6      | 3734 ||| FLEEEEING.
  3753 | D:6      | Reached ** piety under Okawaru
  3754 | D:6      | Reached skill level 3 in Invocations
  3799 | D:6      | 3799 ||| INVOKING Heroism.
  3944 | D:6      | Reached skill level 8 in Ranged Weapons
  3988 | D:6      | Noticed a vampire mosquito
  3992 | D:6      | Killed a vampire mosquito
  3993 | D:6      | Reached XP level 8. HP: 57/68 MP: 10/10
  3993 | D:6      | 3993 ||| Stepping ~*~*~tactically~*~*~ (outnumbered).
  4107 | D:6      | Reached skill level 9 in Ranged Weapons
  4116 | D:6      | Reached skill level 3 in Dodging
  4118 | D:6      | 4118 ||| INVOKING Heroism.
  4119 | D:6      | HP: 12/68 [yak (10)]
  4120 | D:6      | 4120 ||| READING 4 scrolls of teleportation.
  4120 | D:6      | HP: 3/68 [yak (4)]
  4120 | D:6      | Slain by a yak

Levels and vault maps discovered:
D:1:      dpeg_arrival_rooms_b, layout_loops_ring,
          chequers_ecumenical_altar_lobes, minmay_crystal_room,
          corexii_leaking_fountain
D:2:      layout_rooms, serial_corexii_hall, corexii_hall_statues_deadend,
          corexii_hall_statues_l, grunt_ministairs_1, serial_bayou_pond_a,
          chequers_hall_statues_wall_a, chequers_serial_rivers_room_b
D:3:      layout_basic, mainiacjoe_overflow_catch_the_wave, serial_shops,
          nicolae_shop_tiny_statue_garden
D:4:      layout_loops_corners, lightli_temple_of_fire, minmay_temple_entry_grid
D:5:      nicolae_cairo_tiling_large_dashed, layout_rooms, serial_shops,
          nicolae_shop_tiny_statue_garden, nicolae_shop_statue_plus,
          nicolae_shop_pleasant_corner_grove, grunt_decor_cap
D:6:      minmay_cornered_nines, layout_loops_cross
Temple:   hellmonk_temple_forest_ring

Skill      XL: |  1  2  3  4  5  6  7  8 |
---------------+-------------------------+-----
Ranged Weapons | 3 4 5 6 8 9 |  9.0
Fighting       | 2 4 5 |  5.1
Armour         | 1 2 |  2.0
Invocations    | 2 4 |  4.0
Dodging        | 3 |  3.8
Spellcasting   | |  1.0
Hexes          | |  2.0

Action                     |  1- 3 |  4- 6 |  7- 9 || total
---------------------------+-------+-------+-------++-------
   Fire: Sling             |   120 |       |       ||   120
         Longbow           |    23 |    72 |    62 ||   157
 Invoke: Heroism           |       |       |     2 ||     2
    Use: Scroll            |     8 |     2 |     4 ||    14
         Potion            |     2 |       |     1 ||     3
 Armour: Ring mail         |    26 |    12 |    23 ||    61
  Dodge: Dodged            |    39 |    17 |    24 ||    80

Table legend:
 A = Non-vault XP
 B = Vault XP
 C = Vault XP percentage of total XP
 D = Non-vault monster count
 E = Vault monster count
 F = Vault count percentage of total count
                 A         B        C        D         E       F
            +---------+---------+-------+---------+---------+-------
      Total |    1707 |     402 |  19.1 |      87 |       5 |   5.4
            +---------+---------+-------+---------+---------+-------
        D:1 |      16 |       0 |   0.0 |       8 |       0 |   0.0
        D:2 |      56 |       3 |   5.1 |      21 |       2 |   8.7
        D:3 |      12 |       0 |   0.0 |       8 |       0 |   0.0
        D:4 |     233 |       0 |   0.0 |      23 |       0 |   0.0
        D:5 |     425 |       0 |   0.0 |      14 |       0 |   0.0
        D:6 |     965 |     399 |  29.3 |      13 |       3 |  18.8
            +---------+---------+-------+---------+---------+-------
